 Dungeon Crawl Stone Soup version 0.30.1-11-g7821555f0a (webtiles) character file.

Game seed: 6937022345364814000

24390 MrIGI the Grappler (level 12, 0/186 HPs)
             Began as a Troll Fighter on Dec 19, 2023.
             Was a High Priest of Wu Jian.
             Slain by an orc warrior
             ... wielding a +0 hand axe
              (3 damage)
             ... on level 1 of the Orcish Mines.
             The game lasted 00:55:10 (13547 turns).

MrIGI the Grappler (Troll Fighter)                 Turns: 13547, Time: 00:55:11

Health: 0/186      AC:  6    Str: 29    XL:     12   Next: 80%
Magic:  11/11      EV: 16    Int:  7    God:    Wu Jian [*****.]
Gold:   1501       SH: 10    Dex: 11    Spells: 11/11 levels left

rFire   . .          .
                       - Unarmed
rCold   . . .        b - +0 kite shield
rNeg    . . .        O - +0 troll leather armour
rPois   .            (helmet restricted)
rElec   .            (no cloak)
rCorr   .            (gloves unavailable)
SInv    .            (boots unavailable)
Will    +....        X - amulet "Zeorghor" {RegenMP Int+3} Stlth
                     y - ring of willpower
HPRegen 2.11/turn    w - +5 ring of evasion
MPRegen 0.52/turn

%: no passive effects
@: berserking, very quick
A: large, unfitting armour, claws 3, regeneration 1, shaggy fur 1, tough skin 1
a: Renounce Religion, Wall Jump, Serpent's Lash, Heavenly Storm


You were on level 1 of the Orcish Mines.
You worshipped Wu Jian.
Wu Jian was extremely pleased with you.
You visited 3 branches of the dungeon, and saw 16 of its levels.
You also visited: Ossuary and Ice Cave.

You collected 1826 gold pieces.
You spent 325 gold pieces at shops.

Inventory:

Missiles
 d - 15 poisoned darts
 A - 4 atropa-tipped darts
 H - 4 throwing nets (quivered)
 K - 2 curare-tipped darts
Armour
 a - a +0 robe
 b - a +0 kite shield (worn)
 f - a +0 robe
 j - a +0 robe
 p - a +0 pair of boots
 s - a +1 pair of boots
 M - a +2 robe of cold resistance
 O - a +0 troll leather armour (worn)
 W - a +1 helmet
Jewellery
 w - a +5 ring of evasion (right claw)
 y - a ring of willpower (left claw)
 C - a ring of resist corrosion
 P - a ring of protection from cold
 S - the ring of Juusayr {Wiz rC+ Dex+3}
   (You found it in an ice cave)

   [ring of wizardry]

   It improves your spell success rate.
   Dex:       It affects your dexterity (+3).
   rC:        It protects you from cold.
 T - a ring of wizardry
 U - an amulet of magic regeneration
 V - a ring of protection from fire
 X - the amulet "Zeorghor" (around neck) {RegenMP Int+3}
   (You took it off a centaur on level 11 of the Dungeon)

   [amulet of magic regeneration]

   It increases your rate of magic regeneration.
   Int:       It affects your intelligence (+3).
Wands
 B - a wand of polymorph (3)
 J - a wand of flame (52)
 L - a wand of charming (8)
 R - a wand of iceblast (4)
Scrolls
 e - 5 scrolls of teleportation
 h - 3 scrolls of blinking
 i - 3 scrolls of vulnerability
 k - 3 scrolls of magic mapping
 m - 3 scrolls of fear {unknown}
 r - 3 scrolls of fog
 t - 3 scrolls of summoning
 u - 2 scrolls of brand weapon {unknown}
 v - 2 scrolls of enchant weapon {unknown}
 E - 3 scrolls of torment
 G - 2 scrolls of immolation {unknown}
 N - a scroll of noise {unknown}
 Q - a scroll of enchant armour {unknown}
Potions
 c - 5 potions of might
 g - 4 potions of haste
 l - 16 potions of curing
 n - 4 potions of brilliance
 o - 3 potions of degeneration
 q - a potion of attraction
 z - 2 potions of lignification
 D - 3 potions of flight
 F - 3 potions of invisibility
 I - 2 potions of mutation


   Skills:
 + Level 9.4 Fighting
 - Level 2.4 Throwing
 + Level 7.4 Dodging
 + Level 9.5 Shields
 * Level 13.2 Unarmed Combat
 - Level 3.3 Evocations


You had 11 spell levels left.
You didn't know any spells.
Your spell library contained the following spells:

 Spells                   Type           Power      Damage    Failure   Level
 Necrotise                Necr           0%         1d4       65%         1
 Shock                    Conj/Air       0%         1d3       65%         1
 Sting                    Tmut/Pois      0%         1d3       65%         1
 Ensorcelled Hibernation  Hex/Ice        0%         N/A       78%         2
 Passwall                 Tmut/Erth      0%         N/A       78%         2
 Poisonous Vapours        Pois/Air       0%         N/A       78%         2
 Gell's Gravitas          Tloc           0%         N/A       95%         3
 Portal Projectile        Hex/Tloc       0%         N/A       95%         3
 Swiftness                Air            0%         N/A       95%         3
 Teleport Other           Tloc           0%         N/A       95%         3
 Tukima's Dance           Hex            0%         N/A       95%         3
 Vampiric Draining        Necr           0%         2d6       95%         3
 Vhi's Electric Charge    Tloc/Air       0%         N/A       95%         3
 Airstrike                Air            0%         2d(0-16)  100%        4
 Olgreb's Toxic Radiance  Pois           0%         N/A       100%        4
 Summon Ice Beast         Ice/Summ       0%         N/A       100%        4
 Agony                    Necr           0%         N/A       100%        5
 Arcjolt                  Conj/Air       0%         1d10      100%        5
 Blade Hands              Tmut           0%         N/A       100%        5
 Irradiate                Conj/Tmut      0%         3d11      100%        5
 Summon Forest            Summ/Tloc      0%         N/A       100%        5
 Summon Mana Viper        Hex/Summ       0%         N/A       100%        5
 Dispersal                Tloc           0%         N/A       100%        6
 Summon Cactus Giant      Summ           0%         N/A       100%        6
 Borgnjor's Revivificati  Necr           0%         N/A       100%        8
 Maxwell's Capacitive Co  Air            0%         ∞         100%        8
 Necromutation            Tmut/Necr      0%         N/A       100%        8
 Death's Door             Necr           0%         N/A       100%        9
 Fire Storm               Conj/Fire      0%         5d1       100%        9


Dungeon Overview and Level Annotations

Branches:
Dungeon (13/15)            Temple (1/1) D:6            Lair (0/5) D:10
    Orc (2/2) D:9             Elf (0/3) Orc:2       Ossuary (visited)
  IceCv (visited)
 Vaults: D:13-14

Altars:
Cheibriados
Dithmenos
Fedhas
Gozag
Hepliaklqana
Kikubaaqudgha
Makhleb
Nemelex Xobeh
Okawaru
Qazlal
Ru
Sif Muna
Trog
Uskayaw
Vehumet
Wu Jian
Xom
Yredelemnul
Zin
The Shining One

Shops:
D:10 !   Orc:1 *(

Annotations:
D:2 1 runed translucent door, Crazy Yiuf
D:9 2 transporters, ciphuk's ghost, journeyman TrMo
D:12 3 runed translucent doors, Jorgrun; tykejmi's ghost, journeyman MiFi
Orc:2 Sonja


Innate Abilities, Weirdness & Mutations

You are too large for most types of armour.
You have claws for hands.
Your natural rate of healing is unusually fast.
You are covered in fur. (AC +1)
You have tough skin. (AC +1)


Message History

You claw the orc priest!
The orc priest is severely wounded.
You block the orc priest's attack. The orc priest barely misses you.
The orc priest hits you with a +0 short sword.
* * * LOW HITPOINT WARNING * * *
The orc warrior hits you with a +0 hand axe!
* * * LOW HITPOINT WARNING * * *
You block the orc priest's attack. You block the orc's attack.
A red film seems to cover your vision as you go berserk!
You feel yourself moving faster!
You feel mighty! You block the orc priest's attack. The orc priest misses you.
The orc priest invokes the aid of Beogh against you.
Beogh smites you!
* * * LOW HITPOINT WARNING * * *
The orc warrior misses you. The orc priest closely misses you.
You block the orc's attack.
You scratch the orc priest.
The orc priest is severely wounded.
You claw the orc priest!
You kill the orc priest!
The Council accepts your kill. You block the orc priest's attack.
The orc priest hits you with a +0 hand axe.
* * * LOW HITPOINT WARNING * * *
The orc priest closely misses you. You block the orc warrior's attack.
The orc closely misses you.
You barely miss the orc priest. The orc priest completely misses you.
The orc priest hits you with a +0 club.
* * * LOW HITPOINT WARNING * * *
The orc closely misses you. You block the orc priest's attack.
The orc warrior hits you with a +0 hand axe!
* * * LOW HITPOINT WARNING * * *
You barely miss the orc priest.
Unknown command.
You eviscerate the orc priest!!!
You kill the orc priest!
The Council accepts your kill.
You closely miss the orc priest. You block the orc priest's attack. x2
The orc warrior hits you with a +0 hand axe.
You die...

##...# ##...........#.##
....####...............##
...##.###...............##
8###...#...........#.....#
)))...#.#..........#....##
)#.................##.###
##......#.........#.###
#........#.....oo)...#
...............o@)...## ####
..#..).........))o....#######..##
......))...).##.[......#.##.....#
#..............#...............##
##......#.......................#
##..)).............>..........##
#...)#..)....#.............#.##
##.#)###)#......#...........##
##...#.....#....#.........##


You could see an orc warrior (strong), 2 orc priests and an orc (strong).

Vanquished Creatures
  Fannar (D:11)
  A boulder beetle (D:12)
  An ice dragon (IceCv)
  Erolcha (D:9)
  Erica (D:9)
  An orc high priest (Orc:2)
  Nergalle (D:11)
  Pikel (D:7)
  An orc knight (Orc:1)
  An orc sorcerer (Orc:1)
  An oklob plant (D:10)
  A deep elf pyromancer (D:13)
  A manticore (D:7)
  2 cyclopes
  2 ice statues (IceCv)
  Joseph (D:7)
  2 komodo dragons (D:11)
  3 kobold demonologists
  4 rime drakes (IceCv)
  6 trolls
  A hornet (D:7)
  6 wraiths
  A vampire (D:9)
  5 wyverns
  Eustachio (D:4)
  8 yaks
  3 steam dragons
  2 vampire mosquitoes (D:13)
  2 wargs
  An acid dragon (D:10)
  A water moccasin (D:8)
  2 floating eyes (D:9)
  10 orc warriors
  2 ice beasts
  A black bear (D:5)
  4 ogres
  10 centaurs
  A lemure (D:6)
  2 phantoms (D:7)
  Blork the orc (D:4)
  5 kobold brigands
  An elf zombie (Ossuary)
  4 bullfrogs
  2 gnoll sergeants
  5 scorpions
  21 wights
  17 killer bees
  4 lindwurm simulacra (IceCv)
  7 howler monkeys
  7 electric eels (D:12)
  A centaur zombie (Ossuary)
  A human zombie (Ossuary)
  2 komodo dragon simulacra (IceCv)
  4 hounds
  A jelly (D:4)
  A gnoll bouda (D:7)
  14 orc priests
  3 iguanas
  A sleepcap (D:4)
  Natasha (thrice) (D:3)
  16 orc wizards
  2 mummies (Ossuary)
  Robin (D:4)
  6 adders
  11 gnolls
  9 acid dragon simulacra (IceCv)
  2 ufetubi (D:6)
  6 steam dragon simulacra (IceCv)
  2 adder zombies (Ossuary)
  3 dart slugs
  57 orcs
  7 ball pythons
  4 bats
  10 endoplasms
  5 giant cockroaches
  11 goblins
  13 hobgoblins
  8 jackals
  11 kobolds
  5 quokkas
  7 frilled lizards
  3 goblin zombies (Ossuary)
  4 hobgoblin zombies (Ossuary)
  2 jackal zombies (Ossuary)
  10 kobold zombies (Ossuary)
  12 orc zombies (Ossuary)
  4 rats
  A rat zombie (Ossuary)
433 creatures vanquished.

Vanquished Creatures (others)
  A bullfrog (D:9)
1 creature vanquished.

Grand Total: 434 creatures vanquished

Notes
Turn   | Place    | Note
-------+----------+-------------------------------------------
     0 | D:1      | MrIGI the Troll Fighter began the quest for the Orb.
     0 | D:1      | Reached XP level 1. HP: 22/22 MP: 0/0
    56 | D:1      | Reached XP level 2. HP: 29/29 MP: 1/1
   237 | D:1      | Reached XP level 3. HP: 36/36 MP: 2/2
   420 | D:1      | Reached skill level 3 in Unarmed Combat
   868 | D:2      | Reached XP level 4. HP: 44/44 MP: 3/3
  1316 | D:2      | Found a runed translucent door.
  1317 | D:2      | Noticed Crazy Yiuf
  1743 | D:3      | Reached XP level 5. HP: 53/53 MP: 4/4
  1984 | D:3      | Reached skill level 4 in Unarmed Combat
  2010 | D:3      | Noticed Natasha
  2016 | D:3      | Killed Natasha
  2456 | D:3      | Noticed Natasha
  2465 | D:3      | Killed Natasha
  2529 | D:3      | Noticed Natasha
  2533 | D:3      | Killed Natasha
  2534 | D:3      | Reached XP level 6. HP: 61/61 MP: 5/5
  2590 | D:4      | Noticed Blork the orc
  2594 | D:4      | Noticed Eustachio
  2604 | D:5      | Entered Level 5 of the Dungeon
  2655 | D:5      | Noticed an ice beast
  2673 | D:5      | Killed an ice beast
  2800 | D:5      | Reached skill level 5 in Unarmed Combat
  2856 | D:5      | Reached XP level 7. HP: 66/67 MP: 6/6
  2964 | D:4      | Identified the +10 spear of Melee {freeze, rC++ Str+5}
  3014 | D:4      | Killed Eustachio
  3103 | D:4      | Reached skill level 6 in Unarmed Combat
  3167 | D:4      | Killed Blork the orc
  3196 | D:4      | Reached XP level 8. HP: 78/78 MP: 7/7
  3253 | D:4      | Noticed Robin
  3259 | D:4      | Killed Robin
  3348 | D:4      | Found a glowing silver altar of Zin.
  3427 | D:4      | Found a hazy altar of Hepliaklqana.
  3851 | D:5      | Reached skill level 5 in Shields
  3877 | D:5      | HP: 2/72 [wight/+3 spear of freezing (3)]
  3879 | D:5      | Reached skill level 7 in Unarmed Combat
  4274 | D:6      | Found a staircase to the Ecumenical Temple.
  4283 | Temple   | Entered the Ecumenical Temple
  4302 | Temple   | Became a worshipper of the Wu Jian Council
  4422 | D:6      | Reached skill level 5 in Fighting
  4422 | D:6      | Reached XP level 9. HP: 67/88 MP: 8/8
  4544 | D:6      | Reached skill level 5 in Dodging
  4779 | D:6      | Found a blossoming altar of Fedhas.
  5008 | D:7      | Noticed Pikel
  5008 | D:7      | Noticed Joseph
  5042 | D:7      | Found an opulent altar of Gozag.
  5057 | D:7      | Reached skill level 8 in Unarmed Combat
  5176 | D:7      | Identified the +1 dagger "Deunluv" {pain, rElec rF++ Dex-5
                  | SInv}
  5290 | D:7      | Found a basalt altar of Yredelemnul.
  5326 | D:7      | Reached * piety under Wu Jian
  5410 | D:8      | Noticed a manticore
  5436 | D:7      | Killed a manticore
  5437 | D:7      | Reached skill level 1 in Throwing
  5491 | D:8      | Reached skill level 9 in Unarmed Combat
  5534 | D:8      | Reached XP level 10. HP: 76/98 MP: 9/9
  5622 | D:8      | Found a sparkling altar of Nemelex Xobeh.
  5630 | D:8      | Found a glowing golden altar of the Shining One.
  5825 | D:8      | Found a sand-covered staircase.
  5830 | Ossuary  | Entered an ossuary
  5841 | Ossuary  | Reached ** piety under Wu Jian
  6027 | Ossuary  | Reached *** piety under Wu Jian
  6361 | D:7      | Killed Joseph
  6362 | D:7      | Reached skill level 1 in Evocations
  6792 | D:7      | Killed Pikel
  7422 | D:9      | Noticed Erolcha
  7439 | D:9      | Killed Erolcha
  7440 | D:9      | Reached skill level 10 in Unarmed Combat
  7604 | D:9      | Found a staircase to the Orcish Mines.
  7618 | D:9      | Noticed Erica
  7653 | D:9      | Killed Erica
  7654 | D:9      | Reached XP level 11. HP: 22/107 MP: 10/10
  8069 | D:9      | Reached **** piety under Wu Jian
  8079 | D:9      | Found a transporter.
  8082 | D:10     | Entered Level 10 of the Dungeon
  8151 | D:9      | Found a transporter.
  8151 | D:9      | Noticed a two-headed ogre
  8151 | D:9      | Noticed ciphuk's ghost (journeyman TrMo)
  8152 | D:9      | Identified the +5 dire flail "Yxeamoar" {drain, rF+ rC+}
  8152 | D:9      | Identified the +1 great mace of Mourning {antimagic, Str+2
                  | Stlth+}
  8152 | D:9      | Noticed a two-headed ogre
  8158 | D:9      | Noticed a two-headed ogre
  8190 | D:9      | Found a shimmering blue altar of Sif Muna.
  8252 | Orc:1    | Entered Level 1 of the Orcish Mines
  8378 | Orc:1    | Found Gusehout's CLEARANCE SALE!.
  8535 | Orc:1    | Found Peal's Antique Weapon Boutique.
  8718 | Orc:2    | Entered Level 2 of the Orcish Mines
  8842 | D:9      | Found a sacrificial altar of Ru.
  8923 | D:9      | Paralysed by a floating eye for 2 turns
  8939 | D:9      | Paralysed by a floating eye for 4 turns
  9125 | D:9      | Found a shimmering altar of Xom.
  9258 | D:10     | Noticed an oklob plant
  9282 | D:10     | Found a staircase to the Lair.
  9329 | D:10     | Killed an oklob plant
  9330 | D:10     | Reached skill level 11 in Unarmed Combat
  9567 | D:10     | Found Keen Ipn's Distillery.
  9576 | D:10     | Bought a potion of mutation for 104 gold pieces
  9576 | D:10     | Bought 2 potions of might for 104 gold pieces
  9576 | D:10     | Bought a potion of curing for 39 gold pieces
  9576 | D:10     | Bought 2 potions of curing for 78 gold pieces
  9605 | D:10     | Got the Elucidation of Forces and Assembling
  9943 | Orc:2    | Noticed an orc knight
 10106 | D:11     | Found a frozen archway.
 10114 | IceCv    | Entered an ice cave
 10142 | IceCv    | Reached ***** piety under Wu Jian
 10483 | IceCv    | Noticed an ice dragon
 10542 | IceCv    | Killed an ice dragon
 10603 | IceCv    | Identified the ring of Juusayr {Wiz rC+ Dex+3}
 10837 | Orc:1    | Killed an orc knight
 10838 | Orc:1    | Reached XP level 12. HP: 51/122 MP: 11/11
 10960 | Orc:2    | Found a staircase to the Elven Halls.
 10984 | Orc:2    | Noticed an orc high priest
 10994 | Orc:2    | Reached skill level 12 in Unarmed Combat
 10995 | Orc:2    | Killed an orc high priest
 11004 | Orc:2    | Noticed Sonja
 11005 | Orc:2    | Noticed an orc high priest
 11007 | Orc:2    | Noticed an orc warlord
 11007 | Orc:2    | Noticed a boulder beetle
 11289 | D:11     | Identified the amulet "Zeorghor" {RegenMP Int+3}
 11507 | D:11     | Found a shadowy altar of Dithmenos.
 11648 | D:11     | Noticed Nergalle
 11653 | D:11     | Killed Nergalle
 11935 | D:11     | Noticed Fannar
 11946 | D:11     | Killed Fannar
 12611 | D:12     | Noticed Jorgrun
 12622 | D:12     | Found a runed translucent gate.
 12623 | D:12     | Found a runed translucent gate.
 12624 | D:12     | Found a runed translucent gate.
 12626 | D:12     | Noticed tykejmi's ghost (journeyman MiFi)
 12661 | D:12     | Noticed a boulder beetle
 12790 | D:12     | Killed a boulder beetle
 12791 | D:12     | Reached skill level 13 in Unarmed Combat
 12811 | D:12     | Noticed a boulder beetle
 13543 | Orc:1    | HP: 9/186 [orc priest/+0 hand axe[an orc warlord] (4)]
 13544 | Orc:1    | HP: 1/186 [orc warrior/+0 hand axe (7)]
 13547 | Orc:1    | Slain by an orc warrior

Illustrated notes

Levels and vault maps discovered:
D:1:      kennysheep_arrival_forest, layout_loops_cross, st_stairs_4
D:2:      layout_basic, uniq_crazy_yiuf_cottage
D:3:      layout_basic, minmay_misc_feat_encased, uniq_natasha
D:4:      minmay_angry_zag, layout_loops_cross, lemuel_doored_altar,
          mainiacjoe_overflow_surrounded_room, uniq_eustachio, uniq_robin,
          uniq_blork_the_orc
D:5:      layout_cave_pools, serial_bayou, serial_bayou_ford_a,
          serial_bayou_pond_a, serial_bayou_lake_a, serial_bayou_lagoon_a
D:6:      layout_rooms, mainiacjoe_overflow_catwalk,
          minmay_temple_entry_antechambers, wad_woods_river_04
D:7:      layout_basic, grunt_gozag_statues, yredelemnul_altar_generic,
          mrwooster_statue_mirror, uniq_pikel, uniq_joseph
D:8:      layout_basic, tso_oasis_becter, lemuel_crystal_altar,
          nicolae_ossuary_entry_plus
D:9:      layout_cave_pools, lemuel_round_altar, nicolae_ru_path_of_blood,
          marbit_many_paths, gammafunk_ghost_smash, minmay_misc_feat_square,
          onia_ninara_cookie, uniq_erolcha, uniq_erica
D:10:     layout_roguey, dpeg_oklobed_lair, serial_shops, shop
D:11:     nicolae_cairo_tiling_large, layout_grid_maze,
          portal_ice_cave_entry_pillars_2, nicolae_dithmenos_shadow_blocks,
          uniq_nergalle, uniq_fannar
D:12:     layout_basic, gammafunk_ghost_necromancy,
          nicolae_shop_i_like_big_books, uniq_jorgrun
D:13:     layout_rooms
Temple:   nicolae_temple_x_marks_the_god
Orc:1:    cheibrodos_orc_arena, layout_caves, serial_shops,
          nicolae_shop_just_a_little_nook, nicolae_shop_clearance
Orc:2:    grunt_orc_cross, layout_caves, rock_pile, uniq_sonja

Skill      XL: |  1  2  3  4  5  6  7  8  9 10 11 12 |
---------------+-------------------------------------+-----
Shields        | 3 4 5 6 7 8 9 |  9.5
Unarmed Combat | 3 4 5 6 7 9 10 11 13 | 13.2
Fighting       | 3 4 5 6 8 9 |  9.4
Dodging        | 3 4 5 6 7 |  7.4
Throwing       | 2 |  2.4
Evocations     | 2 3 |  3.3

Action                     |  1- 3 |  4- 6 |  7- 9 | 10-12 || total
---------------------------+-------+-------+-------+-------++-------
  Melee: Unarmed           |   104 |   140 |   378 |   919 ||  1541
  Throw: Dart              |       |       |     1 |       ||     1
         Throwing net      |       |       |       |     3 ||     3
 Invoke: Serpent's Lash    |       |       |       |     2 ||     2
         Heavenly Storm    |       |       |       |     1 ||     1
Ability: Lunge             |       |       |     3 |    47 ||    50
         Whirlwind         |       |       |     5 |    34 ||    39
         Wall Jump         |       |       |       |     2 ||     2
  Evoke: Wand              |       |       |       |     2 ||     2
    Use: Scroll            |       |     4 |     4 |    11 ||    19
         Potion            |       |       |     1 |     3 ||     4
   Stab: Sleeping          |     2 |       |       |       ||     2
         Invisible         |       |       |       |     1 ||     1
 Armour: Robe              |    49 |    21 |    28 |    49 ||   147
         Troll leather arm |       |       |       |    66 ||    66
  Dodge: Dodged            |    39 |    57 |   171 |   381 ||   648
  Block: Kite shield       |    38 |    38 |   139 |   370 ||   585
